 Dungeon Crawl Stone Soup version 0.24-a0-537-g2d01d4ab0a (webtiles) character file.

Game seed: 13522232169419302350

359 Gynju the Covert (level 6, -9/28 HPs)
             Began as a Spriggan Enchanter on Aug 13, 2019.
             Killed from afar by an orc wizard (10 damage)
             ... with a puff of frost
             ... on level 5 of the Dungeon.
             The game lasted 00:09:42 (3719 turns).

Gynju the Covert (Spriggan Enchanter)               Turns: 3719, Time: 00:09:42

Health: -9/28      AC:  3    Str:  4    XL:     6   Next: 37%
Magic:  3/11       EV: 18    Int: 19    God:
Gold:   72         SH:  0    Dex: 16    Spells: 5/11 levels left

rFire    . . .     SeeInvis +   b - +2 whip (elec)
rCold    . . .     Gourm    .   (shield restricted)
rNeg     . . .     Faith    .   q - +0 robe
rPois    .         Spirit   .   (helmet restricted)
rElec    .         Reflect  .   p - +0 cloak
rCorr    .         Harm     .   (gloves unavailable)
MR       +....                  (boots unavailable)
Stlth    ++++......             (no amulet)
HPRegen  0.09/turn              (no ring)
MPRegen  0.12/turn              (no ring)

@: very slightly contaminated, lightly drained, very quick
A: very small, unfitting armour, see invisible, herbivore, speed 3, slow
metabolism 2
a: no special abilities


You were on level 5 of the Dungeon.
You were near starving.

You visited 1 branch of the dungeon, and saw 6 of its levels.

You collected 72 gold pieces.

Inventory:

Hand Weapons
 a - a +1 dagger
 b - a +2 whip of electrocution (weapon)
Missiles
 f - 2 throwing nets (quivered)
Armour
 p - a +0 cloak (worn)
 q - a +0 robe (worn)
Jewellery
 j - an uncursed ring of stealth {unknown}
 l - an uncursed ring of protection from fire {unknown}
 m - an uncursed amulet of rage {unknown}
Scrolls
 c - a scroll of identify {unknown}
 e - 2 scrolls of remove curse {unknown}
 o - a scroll of magic mapping {unknown}
 r - a scroll of amnesia {unknown}
 v - a scroll of enchant armour {unknown}
Potions
 g - 2 potions of curing {unknown}
 h - 2 potions of heal wounds {unknown}
 i - a potion of agility {unknown}
 k - a potion of ambrosia {unknown}
 n - 2 potions of mutation {unknown}
 s - 2 potions of cancellation {unknown}
 t - a potion of lignification {unknown}
 u - a potion of brilliance {unknown}
Comestibles
 d - 6 rations


   Skills:
 - Level 5.0(4.4) Short Blades
 - Level 3.0(2.5) Dodging
 - Level 8.1(7.5) Stealth
 + Level 3.1(2.6) Spellcasting
 + Level 4.0(3.5) Hexes


You had 5 spell levels left.
You knew the following spells:

 Your Spells              Type           Power        Failure   Level  Hunger
a - Corona                Hex            ###....      3%          1    None
b - Ensorcelled Hibernat  Hex/Ice        #.....       12%         2    ##.....
c - Confuse               Hex            ###.....     11%         3    ###....

Your spell library contained the following spells:

 Spells                   Type           Power        Failure   Level  Hunger
 Tukima's Dance           Hex            ###.....     11%         3    ###....
 Dazzling Spray           Conj/Hex       #.....       22%         3    ###....


Dungeon Overview and Level Annotations

Branches:
Dungeon (6/15)
 Temple: D:4-7

Altars:
Beogh

Annotations:
D:5 3 runed translucent doors, soark's ghost, novice DECj


Innate Abilities, Weirdness & Mutations

You are very small and have problems with some larger weapons.
You are too small for most types of armour.
You have supernaturally acute eyesight. (SInv)
You are a herbivore.
You cover ground extremely quickly.
You need to consume almost no food.


Message History

Level annotation: 3 runed translucent doors, soark's ghost, novice DECj
There is a stone staircase leading up here.
You barely miss the orc wizard.
The orc wizard points at you and mumbles some strange words.
The magic dart hits you!
* * * LOW HITPOINT WARNING * * *
The orc hits you with a +0 dagger.
* * * LOW HITPOINT WARNING * * *
The orc wizard barely misses you. The orc wizard misses you.
The orc hits you with a +0 dagger.
* * * LOW HITPOINT WARNING * * *
You barely miss the orc wizard.
The orc wizard casts a spell.
The orc wizard blinks!
The orc wizard gestures wildly while chanting.
The orc wizard seems to speed up.
The orc barely misses you.
You barely miss the orc wizard.
The orc wizard points at you and mumbles some strange words.
The puff of frost hits you!
You die...

### #.##### ##
#ยง....## ##. #.@o...#
#.. _[). #o.o...# #..
o .... . #......# #..
8 .8..#8# # ##'#####
#.. ##
.o..###.####......#
##.
..#####....#..#......#
###
...ooo..ooW#..#......#
#..
###+++######..#......#
#..
...........8..#......#
#..


You could see 2 orc wizards and an orc.

Vanquished Creatures
  2 scorpions
  A howler monkey (D:5)
  An orc wizard (D:3)
  A worker ant zombie (D:6)
  4 gnolls (D:3)
  3 adders
  3 shadow imps
  An ooze (D:3)
  4 worms (D:2)
  3 dart slugs
  3 leopard geckos
  6 orcs (D:3)
  8 bats
  3 giant cockroaches
  8 goblins
  6 jackals
  3 kobolds
  2 quokkas
  2 ball pythons
  5 frilled lizards
  2 rats
71 creatures vanquished.

Notes
Turn   | Place    | Note
-------+----------+-------------------------------------------
     0 | D:1      | Gynju the Spriggan Enchanter began the quest for the Orb.
     0 | D:1      | Reached XP level 1. HP: 9/9 MP: 5/5
   332 | D:1      | Reached XP level 2. HP: 6/13 MP: 6/6
   336 | D:1      | Learned a level 2 spell: Ensorcelled Hibernation
   521 | D:1      | Reached skill level 5 in Stealth
   927 | D:2      | Noticed a scorpion
   934 | D:2      | Killed a scorpion
   934 | D:2      | Reached skill level 6 in Stealth
   934 | D:2      | Reached XP level 3. HP: 16/16 MP: 8/8
   934 | D:2      | Reached XP level 4. HP: 21/21 MP: 9/9
  2185 | D:3      | Reached skill level 7 in Stealth
  2213 | D:3      | Reached XP level 5. HP: 22/24 MP: 10/10
  3001 | D:3      | You fall into a shaft and drop 3 floors!
  3002 | D:6      | Noticed an ice beast
  3011 | D:6      | Reached skill level 8 in Stealth
  3011 | D:6      | Reached XP level 6. HP: 28/28 MP: 4/11
  3125 | D:6      | Learned a level 3 spell: Confuse
  3166 | D:5      | Entered Level 5 of the Dungeon
  3330 | D:5      | Reached skill level 5 in Short Blades
  3368 | D:5      | Found a runed translucent gate.
  3371 | D:5      | Found a runed translucent gate.
  3381 | D:5      | Found a runed translucent gate.
  3381 | D:5      | Noticed soark's ghost (novice DECj)
  3383 | D:5      | Found a roughly hewn altar of Beogh.
  3383 | D:5      | Identified the +7 chain mail of Ujen {rPois Str-2 Dex+4
                  | SInv}
  3383 | D:5      | Identified the cursed +0 plate armour "Apneen" {rCorr Int+6
                  | Stlth-}
  3383 | D:5      | Noticed an orc warrior
  3717 | D:5      | HP: 1/28 [orc/+0 dagger (1)]
  3719 | D:5      | Killed from afar by an orc wizard

Levels and vault maps discovered:
D:1:      nagdon_arrival_double_spiral, layout_rooms
D:2:      layout_loops_ring, corexii_item_surrounded_by_moat
D:3:      layout_rooms, minitemple
D:4:      layout_rooms, minmay_overflow_temple_star_quad, portal_sewer_entry_e
D:5:      layout_gridville, biasface_ghost_orc_armoury, first_ration
D:6:      layout_rooms, kennysheep_generic_room_12

Skill      XL: |  1  2  3  4  5  6 |
---------------+-------------------+-----
Stealth        | 6 7 8 |  8.1
Short Blades   | 3 4 5 |  5.0
Spellcasting   | 3 |  3.1
Hexes          | 4 |  4.0
Dodging        | |  3.0

Action                   |  1- 3 |  4- 6 || total
-------------------------+-------+-------++-------
Melee: Dagger            |    43 |    59 ||   102
       Whip              |       |    81 ||    81
 Cast: Ensorcelled Hiber |     5 |    48 ||    53
 Stab: Sleeping          |    12 |    29 ||    41
       Distracted        |       |     1 ||     1
  Eat: Ration            |       |     1 ||     1
Armor: Robe              |     2 |    13 ||    15
Dodge: Dodged            |    23 |   131 ||   154

Table legend:
 A = Non-vault XP
 B = Vault XP
 C = Vault XP percentage of total XP
 D = Non-vault monster count
 E = Vault monster count
 F = Vault count percentage of total count
                 A         B        C        D         E       F
            +---------+---------+-------+---------+---------+-------
      Total |     513 |       0 |   0.0 |      71 |       0 |   0.0
            +---------+---------+-------+---------+---------+-------
        D:1 |      31 |       0 |   0.0 |      18 |       0 |   0.0
        D:2 |     149 |       0 |   0.0 |      23 |       0 |   0.0
        D:3 |     141 |       0 |   0.0 |      20 |       0 |   0.0
        D:5 |      91 |       0 |   0.0 |       5 |       0 |   0.0
        D:6 |     101 |       0 |   0.0 |       5 |       0 |   0.0
            +---------+---------+-------+---------+---------+-------
